 Dungeon Crawl Stone Soup version 0.21.1-1-g345015f (webtiles) character file.

14 tidbits the Insei (level 2, -1/23 HPs)
             Began as a Gnoll Transmuter on Mar 26, 2018.
             Was an Initiate of Cheibriados.
             Slain by a phantom (5 damage)
             ... on level 4 of the Dungeon.
             The game lasted 00:02:15 (201 turns).

tidbits the Insei (Gnoll Transmuter)                 Turns: 201, Time: 00:02:16

Health: -1/23      AC:  2    Str: 13    XL:     2   Next: 41%
Magic:  7/7        EV: 15    Int: 16    God:    Cheibriados [......]
Gold:   82         SH:  0    Dex: 16    Spells: 9/10 levels left

rFire    x . .     SeeInvis .     - Unarmed
rCold    + . .     Gourm    .   (no shield)
rNeg     . . .     Faith    .   b - +0 robe
rPois    .         Spirit   .   (no helmet)
rElec    .         Reflect  .   (no cloak)
rCorr    .         Harm     .   (no gloves)
MR       .....                  (no boots)
Stlth    ++........             (no amulet)
HPRegen  0.07/turn              f - ring of ice
MPRegen  0.10/turn              (no ring)

@: berserk cooldown, slowed, very slow
A: distributed training, fangs 1, strong nose
a: Bend Time, Renounce Religion


You were on level 4 of the Dungeon.
You worshipped Cheibriados.
Cheibriados was noncommittal.
You were not hungry.

You visited 2 branches of the dungeon, and saw 5 of its levels.

You collected 82 gold pieces.

Inventory:

Hand Weapons
 h - a +0 hunting sling
 j - a +0 dagger
Missiles
 a - 12 arrows
 i - 9 stones (quivered)
Armour
 b - a +0 robe (worn)
Jewellery
 f - a ring of ice (left hand)
   (You found it on level 2 of the Dungeon)
 k - an uncursed ring of flight {unknown}
   (You found it on level 4 of the Dungeon)
Scrolls
 e - a scroll of teleportation {unknown}
Books
 c - a book of Changes

   Spells                             Type                      Level
   a - Beastly Appendage              Transmutation                1
   b - Sticks to Snakes               Transmutation                2
   c - Spider Form                    Transmutation/Poison         3
   d - Ice Form                       Ice/Transmutation            4
   e - Blade Hands                    Transmutation                5
Comestibles
 d - a ration


   Skills:
 + Level 2.5 Fighting
 + Level 0.4 Short Blades
 + Level 0.4 Long Blades
 + Level 0.4 Axes
 + Level 0.4 Maces & Flails
 + Level 0.4 Polearms
 + Level 0.4 Staves
 + Level 0.4 Slings
 + Level 0.4 Bows
 + Level 0.4 Crossbows
 + Level 0.4 Throwing
 + Level 0.4 Armour
 + Level 4.5 Dodging
 + Level 0.4 Stealth
 + Level 0.4 Shields
 + Level 6.5 Unarmed Combat
 + Level 4.9 Spellcasting
 + Level 0.2 Conjurations
 + Level 0.2 Hexes
 + Level 0.2 Charms
 + Level 0.2 Summonings
 + Level 0.2 Necromancy
 + Level 0.2 Translocations
 + Level 3.7 Transmutations
 + Level 0.2 Fire Magic
 + Level 0.2 Ice Magic
 + Level 0.2 Air Magic
 + Level 0.2 Earth Magic
 + Level 0.2 Poison Magic
 + Level 0.5 Invocations
 + Level 0.4 Evocations


You had 9 spell levels left.
You knew the following spells:

 Your Spells              Type           Power        Failure   Level  Hunger
e - Beastly Appendage     Tmut           ###...       3%          1    None


Dungeon Overview and Level Annotations

Branches:
Dungeon (4/15)             Temple (1/1) D:4

Altars:
Cheibriados
Elyvilon
Makhleb
Trog


Innate Abilities, Weirdness & Mutations

Your experience applies equally to all skills.
You have very sharp teeth.
Your uncanny sense of smell can sniff out nearby items.


Message History

Confirm with . or Enter, or press ? or * to list all spells.
Your feet morph into talons.
You completely miss the goblin. The goblin hits you with a dagger.
* * * LOW HITPOINT WARNING * * *
You hit the goblin.
You kill the goblin!
Things that are here:
a dagger; a goblin corpse
j - a dagger
There is a stone staircase leading down here.
You climb downwards.
Found 29 gold pieces and a scratched glass ring.
There is a stone staircase leading up here.
Unknown command.
Found 13 gold pieces.
Unknown command.
Found 15 gold pieces.
Found a staircase to the Ecumenical Temple.
You enter a teleport trap!
The teleport trap disappears.
Your surroundings suddenly seem different.
Found a stone staircase leading down.
You see here 14 gold pieces.
You now have 39 gold pieces (gained 14).
Your transformation is almost over.
You see here a scratched glass ring.
k - a scratched glass ring You see here 15 gold pieces.
You now have 54 gold pieces (gained 15).
Your talons disappear.
Found a ring mail.
Unknown command.
You see here 13 gold pieces.
You now have 67 gold pieces (gained 13).
There is a staircase to the Ecumenical Temple here.
You climb downwards.
Welcome to the Ecumenical Temple!
Found four altars.
There is a staircase back to the Dungeon here.
Unknown command.
There is a snail-covered altar of Cheibriados here.
You kneel at the altar of Cheibriados.
Cheibriados welcomes you!
Cheibriados begins to support your attributes as your movement slows.
You can now bend time to slow others.
There is a staircase back to the Dungeon here.
You climb upwards.
Welcome back to the Dungeon!
There is a staircase to the Ecumenical Temple here.
Unknown command.
An adder comes into view.
Casting: Beastly Appendage
Confirm with . or Enter, or press ? or * to list all spells.
Your feet morph into talons.
It was a potion of berserk rage.
A red film seems to cover your vision as you go berserk!
Cheibriados protects you from inadvertent hurry.
You feel mighty!
You hit the adder. Your kick misses the adder. Your bite misses the adder.
The adder is heavily wounded.
The adder closely misses you.
You hit the adder. Your kick misses the adder.
The adder is heavily wounded.
The adder completely misses you.
You closely miss the adder.
The adder is heavily wounded.
The adder barely misses you.
You punch the adder!
You kill the adder!
Cheibriados thoroughly appreciates the change of pace.
You have reached level 2!
Things that are here:
15 gold pieces; an adder corpse You now have 82 gold pieces (gained 15).
You feel a strong urge to attack something.
You feel your anger nearly subside.
You are no longer berserk.
You are exhausted.
You feel yourself slow down.
Your transformation is almost over.
A phantom comes into view.
Okay, then.
The phantom barely misses you.
You aren't carrying any potions.
Unknown command.
The phantom closely misses you. The phantom completely misses you.
Your talons disappear.
The phantom blinks!
You see here an adder corpse.
The phantom hits you.
* * * LOW HITPOINT WARNING * * *
The phantom blinks!
Casting: Beastly Appendage
Confirm with . or Enter, or press ? or * to list all spells.
You don't know that spell.
The phantom blinks! x2
The phantom blinks!
The phantom blinks!
The phantom blinks!
The phantom hits you!
* * * LOW HITPOINT WARNING * * *
The phantom hits you.
You die...

#........# #...........#
#........# #.#...>...#.#
#........# #...........#
#........# #.#.......#.#
#........#####...........#
#..............#.#.#.#.#.##
#..........................
#####.........W.....§.....#...#
#.............@.........#######
#............<........#†#
#..........##########.#.#
#.........># #.#.# #..........#
#.#.# #..........# #.#.#
#..........# #.#.......#
#..........# #.#######.# .#


You could see a phantom.

Vanquished Creatures
  An adder (D:4)
  A giant cockroach (D:3)
  2 goblins
4 creatures vanquished.

Notes
Turn   | Place    | Note
-------+----------+-------------------------------------------
     0 | D:1      | tidbits the Gnoll Transmuter began the quest for the Orb.
     0 | D:1      | Reached XP level 1. HP: 17/17 MP: 6/6
   125 | D:4      | Found a staircase to the Ecumenical Temple.
   160 | Temple   | Entered the Ecumenical Temple
   164 | Temple   | Became a worshipper of Cheibriados the Contemplative
   182 | D:4      | Reached XP level 2. HP: 16/23 MP: 5/7
   188 | D:4      | Noticed a phantom
   201 | D:4      | Slain by a phantom

Action                   || total
-------------------------++-------
Melee: Unarmed           ||    13
       Kick              ||     1
       Headbutt          ||     1
       Bite              ||     1
 Cast: Beastly Appendage ||     4
  Use: Potion            ||     1
Dodge: Dodged            ||    10

Table legend:
 A = Turns spent in this place as a percentage of turns spent in the entire game.
 B = Non-inter-level travel turns spent in this place as a percentage of non-inter-level travel turns spent in the entire game.
 C = Inter-level travel turns spent in this place as a percentage of turns spent in this place.
 D = Turns resting spent in this place as a percentage of non-inter-level travel turns spent in this place.
 E = Turns spent auto-exploring this place as a percentage of non-inter-level travel turns spent in this place.
 F = Non-inter-level travel turns spent in this place divided by the number of levels of this place that you've seen.
                   A       B       C       D       E      F
               +-------+-------+-------+-------+-------+----------------------
         Total | 100.0 | 100.0 |   0.0 |   0.0 |   0.0 |  40.2
       Dungeon |  95.5 |  95.5 |   0.0 |   0.0 |   0.0 |  48.0
        Temple |   4.5 |   4.5 |   0.0 |   0.0 |   0.0 |   9.0
               +-------+-------+-------+-------+-------+----------------------

Table legend:
 A = Kills in this place as a percentage of kills in entire the game.
 B = Kills by you in this place as a percentage of kills by you in the entire game.
 C = Kills by friends in this place as a percentage of kills by friends in the entire game.
 D = Other kills in this place as a percentage of other kills in the entire game.
 E = Experience gained in this place as a percentage of experience gained in the entire game.
 F = Experience gained in this place divided by the number of levels of this place that you have seen.
                   A       B       C       D       E      F
               +-------+-------+-------+-------+-------+----------------------
         Total | 100.0 | 100.0 |   N/A |   N/A | 100.0 |   4.0
       Dungeon | 100.0 | 100.0 |   N/A |   N/A | 100.0 |   5.0
               +-------+-------+-------+-------+-------+----------------------

Vault maps used:
D:1:      ncdulo_watergridlock
D:2:      minmay_roachtagon
D:4:      minmay_temple_entry_glass, grunt_decor_fettered
Temple:   pf_slimified_temple
